 Dungeon Crawl Stone Soup version 0.23.2-40-g277498a001 (webtiles) character file.

Game seed: 2282266748431310

131 Descartes the Magician (level 4, -2/21 HPs)
             Began as a Spriggan Wizard on Aug 21, 2019.
             Slain by a worm (4 damage)
             ... on level 3 of the Dungeon.
             The game lasted 00:12:20 (4180 turns).

Descartes the Magician (Spriggan Wizard)            Turns: 4180, Time: 00:12:20

Health: -2/21      AC:  2    Str:  4    XL:     4   Next: 91%
Magic:  0/11       EV: 19    Int: 19    God:
Gold:   77         SH:  0    Dex: 14    Spells: 7/12 levels left

rFire    . . .     SeeInvis +   j - -1 spear (curse)
rCold    + . .     Gourm    .   (shield restricted)
rNeg     . . .     Faith    .   a - +0 robe
rPois    +         Spirit   +   b - +0 hat
rElec    .         Reflect  .   (no cloak)
rCorr    .         Harm     .   (gloves unavailable)
MR       .....                  (boots unavailable)
Stlth    +++.......             i - amulet of guardian spirit
HPRegen  0.07/turn              k - ring of poison resistance
MPRegen  0.12/turn              g - ring of protection from cold

@: very slightly contaminated, very quick
A: very small, unfitting armour, see invisible, herbivore, speed 3, slow
metabolism 2
a: no special abilities


You were on level 3 of the Dungeon.
You were hungry.

You visited 1 branch of the dungeon, and saw 3 of its levels.

You collected 77 gold pieces.

Inventory:

Hand Weapons
 c - a +2 dagger of freezing
 j - a cursed -1 spear (weapon)
 m - a cursed -3 spear
Missiles
 e - 36 stones (quivered)
Armour
 a - a +0 robe (worn)
 b - a +0 hat (worn)
Jewellery
 g - a ring of protection from cold (right hand)
 i - an amulet of guardian spirit (around neck)
 k - a ring of poison resistance (left hand)
Scrolls
 h - a scroll of teleportation
 l - a scroll of enchant weapon {unknown}
Potions
 f - a potion of ambrosia {unknown}
Comestibles
 d - 4 rations


   Skills:
 + Level 4.1 Dodging
 + Level 4.2 Stealth
 + Level 4.5 Spellcasting
 * Level 2.0 Conjurations
 + Level 1.3 Summonings
 + Level 2.4 Translocations


You had 7 spell levels left.
You knew the following spells:

 Your Spells              Type           Power        Failure   Level  Hunger
a - Magic Dart            Conj           ##..         5%          1    None
b - Blink                 Tloc           N/A          8%          2    #......
c - Call Imp              Summ           #.......     11%         2    #......

Your spell library contained the following spells:

 Spells                   Type           Power        Failure   Level  Hunger
 Slow                     Hex            #.......     21%         2    #......
 Conjure Flame            Conj/Fire      #.......     26%         3    ###....
 Mephitic Cloud           Conj/Pois/Air  #.......     30%         3    ###....


Dungeon Overview and Level Annotations

Branches:
Dungeon (3/15)

Altars:


Innate Abilities, Weirdness & Mutations

You are very small and have problems with some larger weapons.
You are too small for most types of armour.
You have supernaturally acute eyesight. (SInv)
You are a herbivore.
You cover ground extremely quickly.
You need to consume almost no food.


Message History

Aim: a worm (moderately wounded)
The magic dart hits the worm.
The worm is moderately wounded.
Casting: Magic Dart (safe; 5% risk of failure)
Confirm with . or Enter, or press ? or * to list all spells.
Aiming: Magic Dart (safe; 5% risk of failure)
Press: ? - help, Shift-Dir - straight line, f/p - worm
Aim: a worm (moderately wounded)
The magic dart hits the worm.
The worm is heavily wounded.
You hit the worm.
The worm is severely wounded.
The worm bites you. The worm bites you! The worm bites you!
* * * LOW HITPOINT WARNING * * *
The worm bites you but does no damage. The worm barely misses you.
The worm bites you.
You die...

#.# #.# #.# #.# #.#
#.# #.# #.# #.# #.#
#.# #.# #.######.#
#.....##w#
#####.##@#####
###### #.##.....#
...<.# #.########
####.# #.# #.# #.#
#.# ######.#####
##.###..........#
#...........###.####
#..###.###### #....#


You could see a worm.

Vanquished Creatures
  A howler monkey (D:2)
  2 adders
  3 worms
  A dart slug (D:1)
  3 leopard geckos
  7 bats
  3 giant cockroaches
  9 hobgoblins
  3 jackals (D:1)
  2 quokkas (D:2)
  3 frilled lizards
  10 goblins
  7 kobolds
  7 rats
61 creatures vanquished.

Notes
Turn   | Place    | Note
-------+----------+-------------------------------------------
     0 | D:1      | Descartes the Spriggan Wizard began the quest for the Orb.
     0 | D:1      | Reached XP level 1. HP: 9/9 MP: 6/6
   715 | D:1      | Reached skill level 1 in Conjurations
   893 | D:1      | Reached XP level 2. HP: 13/13 MP: 5/8
   897 | D:1      | Learned a level 2 spell: Blink
   900 | D:1      | Learned a level 2 spell: Call Imp
  1777 | D:1      | Reached XP level 3. HP: 16/16 MP: 6/9
  1825 | D:1      | Reached skill level 1 in Summonings
  2167 | D:2      | Found a faded altar of an unknown god.
  2945 | D:2      | You fall through a shaft!
  3241 | D:2      | Reached XP level 4. HP: 21/21 MP: 2/11
  4175 | D:3      | HP: 1/21 [worm (9)]
  4180 | D:3      | Slain by a worm

Skill      XL: |  1  2  3  4 |
---------------+-------------+-----
Conjurations   | 1 2 |  2.0
Summonings     | 1 |  1.3
Translocations | 2 |  2.4
Dodging        | 4 |  4.1
Stealth        | 4 |  4.2
Spellcasting   | |  4.5

Action                   |  1- 3 |  4- 6 || total
-------------------------+-------+-------++-------
Melee: Unarmed           |    17 |       ||    17
       Spear             |    26 |     1 ||    27
 Cast: Magic Dart        |   168 |    53 ||   221
  Use: Scroll            |     3 |       ||     3
Armor: Robe              |     9 |     1 ||    10
Dodge: Dodged            |    49 |    11 ||    60
